 Dungeon Crawl Stone Soup version 0.29-a0-397-g846e4a0bbc (webtiles) character file.

Game seed: 13518606898049650301

105 SkeletonJelly the Slasher (level 4, -2/40 HPs)
             Began as a Draconian Monk on May 12, 2022.
             Was an Elder of Lugonu.
             Slain by a black bear (4 damage)
             ... on level 3 of the Dungeon.
             The game lasted 00:06:47 (2768 turns).

SkeletonJelly the Slasher (Draconian Monk)          Turns: 2768, Time: 00:06:49

Health: -2/40      AC:  6    Str: 16    XL:     4   Next: 54%
Magic:  5/5        EV: 12    Int: 10    God:    Lugonu [****..]
Gold:   112        SH:  0    Dex: 13    Spells: 3/3 levels left

rFire   . . .      SeeInvis .   a - +0 falchion
rCold   . . .      Faith    .   (no shield)
rNeg    . . .      Spirit   .   (body armour unavailable)
rPois   .          Reflect  .   (helmet restricted)
rElec   .          Harm     .   (no cloak)
rCorr   .          Rampage  .   (no gloves)
Will    .....                   n - +0 pair of boots
Stlth   ++........              (no amulet)
HPRegen 0.13/turn               (no ring)
MPRegen 0.09/turn               (no ring)

@: no status effects
A: AC +5, unfitting armour, cold-blooded
a: Renounce Religion, Depart the Abyss, Bend Space, Banish, Corrupt


You were on level 3 of the Dungeon.
You worshipped Lugonu.
Lugonu was greatly pleased with you.
You visited 1 branch of the dungeon, and saw 3 of its levels.

You collected 112 gold pieces.

Inventory:

Hand Weapons
 a - a +0 falchion (weapon)
Missiles
 k - 13 poisoned darts (quivered)
Armour
 n - a +0 pair of boots (worn)
Jewellery
 i - a ring of ice
 q - a ring of ice
Scrolls
 d - 3 scrolls of fear {unknown}
 f - a scroll of immolation {unknown}
 g - 2 scrolls of teleportation {unknown}
 h - a scroll of blinking {unknown}
 o - a scroll of fog {unknown}
 p - a scroll of identify {unknown}
Potions
 b - a potion of ambrosia
 c - a potion of brilliance {unknown}
 e - a potion of lignification {unknown}
 j - 2 potions of mutation {unknown}
 l - 2 potions of curing {unknown}
 m - a potion of might {unknown}


   Skills:
 - Level 4.0 Fighting
 - Level 4.4 Long Blades
 - Level 2.7 Dodging
 - Level 1.8 Stealth
 + Level 1.9 Invocations


You had 3 spell levels left.
You didn't know any spells.
Your spell library contained the following spells:

 Spells                   Type           Power      Damage    Failure   Level
 Foxfire                  Conj/Fire      0%         2x1d4     36%         1
 Magic Dart               Conj           0%         1d3       36%         1
 Summon Small Mammal      Summ           0%         N/A       36%         1
 Searing Ray              Conj           0%         2d4       50%         2
 Call Canine Familiar     Summ           0%         N/A       75%         3
 Conjure Flame            Conj/Fire      0%         6-21      75%         3
 Inner Flame              Hex/Fire       0%         N/A       75%         3
 Summon Guardian Golem    Hex/Summ       0%         N/A       75%         3
 Flame Wave               Conj/Fire      0%         2d4       98%         4
 Fulminant Prism          Conj/Hex       0%         3d6       98%         4


Dungeon Overview and Level Annotations

Branches:
Dungeon (3/15)

Altars:
Makhleb
Lugonu

Annotations:
D:3 Terence


Innate Abilities, Weirdness & Mutations

Your plain brown scales are hard. (AC +5)
You cannot fit into any form of body armour.
You are cold-blooded and may be slowed by cold attacks.


Message History

The hobgoblin is heavily wounded.
The hobgoblin barely misses you.
You barely miss the hobgoblin.
The hobgoblin is heavily wounded.
The hobgoblin hits you but does no damage.
You closely miss the hobgoblin.
The hobgoblin is heavily wounded.
The hobgoblin hits you but does no damage.
You hit the hobgoblin but do no damage.
The hobgoblin is heavily wounded.
The hobgoblin misses you.
You slash the hobgoblin!
You kill the hobgoblin!
Lugonu accepts your kill. The kobold hits you but does no damage.
You barely miss the kobold. You tail-slap the kobold.
You kill the kobold!
Lugonu accepts your kill.
No target in view!
No target in view!
No target in view!
No target in view!
No target in view!
No target in view!
HP restored.
Found a ring of ice.
k - 13 poisoned darts (gained 8)
You see here a +0 dagger.
Health restored: 40
Items here: ( )) †††.
You see here a +0 dagger.
q - a ring of ice Key pressed, stopping explore.
A black bear comes into view.
Found 12 stones.
The black bear growls angrily.
A black bear is nearby!
A black bear is nearby!
Okay, then.
The black bear bites you. The black bear claws you. x2
You take 12 damage, and have 28/40 hp.
MASSIVE DAMAGE!!
You hit the black bear but do no damage.
You tail-slap the black bear.
The black bear is lightly wounded.
The black bear misses you. The black bear barely misses you.
The black bear claws you but does no damage.
You hit the black bear.
The black bear is moderately wounded.
The black bear barely misses you. The black bear claws you.
The black bear closely misses you.
You take 4 damage, and have 24/40 hp.
You hit the black bear but do no damage.
The black bear is moderately wounded.
The black bear bites you but does no damage.
The black bear completely misses you.
The black bear claws you but does no damage.
You hit the black bear.
Your tail-slap misses the black bear.
The black bear is moderately wounded.
The black bear bites you. The black bear claws you.
The black bear claws you but does no damage.
You take 6 damage, and have 18/40 hp.
You are too injured to fight recklessly!
You are too injured to fight recklessly!
You are too injured to fight recklessly!
You hit the black bear.
The black bear is moderately wounded.
The black bear bites you. The black bear misses you.
The black bear claws you but does no damage.
You take 4 damage, and have 14/40 hp.
You slash the black bear!
The black bear is severely wounded.
The black bear bites you. The black bear closely misses you.
The black bear claws you but does no damage.
You hit the black bear.
The black bear is severely wounded.
The black bear misses you.
The black bear claws you but does no damage.
The black bear claws you.
* * * LOW HITPOINT WARNING * * *
You take 2 damage, and have 12/40 hp.
You closely miss the black bear.
Your tail-slap misses the black bear.
The black bear is severely wounded.
The black bear bites you.
* * * LOW HITPOINT WARNING * * *
The black bear misses you. The black bear closely misses you.
You take 2 damage, and have 10/40 hp.
You barely miss the black bear.
The black bear is severely wounded.
The black bear bites you but does no damage.
The black bear claws you.
* * * LOW HITPOINT WARNING * * *
The black bear claws you.
* * * LOW HITPOINT WARNING * * *
You take 4 damage, and have 6/40 hp.
You barely miss the black bear.
The black bear is severely wounded.
The black bear bites you.
* * * LOW HITPOINT WARNING * * *
The black bear closely misses you. The black bear claws you.
You die...

#########
#..@h...#
#.#####.#
#.# #.#
#.# #.#
#.# #.###
#######
#...#
#.....#
.#


You could see a black bear.

Vanquished Creatures
  Robin (D:2)
  A gnoll (D:1)
  An adder (D:2)
  2 worms (D:2)
  4 dart slugs
  4 endoplasms
  A giant cockroach (D:1)
  15 goblins
  4 hobgoblins
  A quokka (D:3)
  5 ball pythons
  5 bats
  2 frilled lizards (D:2)
  6 kobolds
  13 rats
65 creatures vanquished.

Vanquished Creatures (others)
  5 toadstools (D:1)
5 creatures vanquished.

Grand Total: 70 creatures vanquished

Notes
Turn   | Place    | Note
-------+----------+-------------------------------------------
     0 | D:1      | SkeletonJelly the Draconian Monk began the quest for the
                  | Orb.
     0 | D:1      | Reached XP level 1. HP: 19/19 MP: 1/1
    20 | D:1      | Found a faded altar of an unknown god.
    33 | D:1      | Prayed at the altar of an unknown god.
    33 | D:1      | Became a worshipper of Lugonu the Unformed
    33 | D:1      | Reached * piety under Lugonu
    33 | D:1      | Reached ** piety under Lugonu
    33 | D:1      | Reached *** piety under Lugonu
   436 | D:1      | Reached XP level 2. HP: 26/26 MP: 2/2
   807 | D:1      | Reached **** piety under Lugonu
   893 | D:1      | Reached XP level 3. HP: 13/33 MP: 3/3
  1724 | D:2      | Found a burning altar of Makhleb.
  1860 | D:2      | Reached XP level 4. HP: 40/40 MP: 4/4
  1959 | D:2      | Noticed Robin
  1970 | D:3      | Noticed Terence
  2008 | D:2      | Killed Robin
  2009 | D:2      | Reached skill level 1 in Invocations
  2756 | D:3      | Noticed a black bear
  2768 | D:3      | HP: 2/40 [black bear (4)]
  2768 | D:3      | Slain by a black bear

Illustrated notes

Levels and vault maps discovered:
D:1:      ldierk_walled_garden, layout_loops_corners,
          hellmonk_ecumenical_altar_run_dry
D:2:      kennysheep_six_static_rooms, layout_loops_cross, basic_altar,
          uniq_robin
D:3:      layout_loops_cross, uniq_terence

Skill      XL: |  1  2  3  4 |
---------------+-------------+-----
Long Blades    | 4 |  4.4
Fighting       | 4 |  4.0
Invocations    | 1 |  1.9
Dodging        | |  2.7
Stealth        | |  1.8

Action                   |  1- 3 |  4- 6 || total
-------------------------+-------+-------++-------
Melee: Falchion          |   111 |    89 ||   200
       Tailslap          |     6 |     9 ||    15
       Punch             |       |     1 ||     1
Invok: Bend Space        |     1 |       ||     1
  Use: Potion            |     1 |       ||     1
 Stab: Sleeping          |     6 |       ||     6
Armor: Skin              |    33 |    46 ||    79
Dodge: Dodged            |    57 |    65 ||   122

Table legend: (Time is in decaauts)
 A = Elapsed time spent in this place.
 B = Non-inter-level travel time spent in this place.
 C = Inter-level travel time spent in this place.
 D = Time resting spent in this place.
 E = Time spent auto-exploring this place.
 F = Levels seen in this place.
 G = Mean time per level.
                   A        B        C        D        E       F      G
               +--------+--------+--------+--------+--------+-----+--------+
         Total |   2792 |   2641 |    151 |      0 |   2152 |   3 |  930.7 |
       Dungeon |   2792 |   2641 |    151 |      0 |   2152 |   3 |  930.7 |
               +--------+--------+--------+--------+--------+-----+--------+

Top non-repeatable levels by time:
     D:1: 1499 daAuts
     D:2: 1173 daAuts
     D:3: 119 daAuts
